slyhack, chaotic female human Rogue ----------- +.........| |.........| ----- ..........| |.... |.........| |...| --.-------- o ------------ |....######################o@ `.........`. |<..| # #|.....`... |...| #%...- ----- ##|...| ..`| ..| ..- .. ... ---- slyhack the Cutpurse Experience level: 3 Strength: 12 Dexterity: 17 Constitution: 17 Intelligence: 8 Wisdom: 12 Charisma: 10 Health: 0(22) Energy: 6(6) Def: 4 Gold: 0 Moves: 1274 Dungeon seed: WCDFDAAB9dtHNW3z Game ID: slyhack_1476793582 Your Inventory: Amulets p - a cursed amulet of change A - a cursed amulet of ESP Weapons a - an uncursed +0 short sword (weapon in hand) b - 6 uncursed +0 daggers (in quiver) w - an uncursed +0 orcish dagger named nc Armor e - an uncursed +1 leather armor (being worn) y - an uncursed +0 orcish helm (being worn) Comestibles i - an uncursed partly eaten lichen corpse l - 5 uncursed cherries o - 2 uncursed tripe rations z - an uncursed eucalyptus leaf F - an uncursed food ration Scrolls E - an uncursed scroll of identify Tools k - an uncursed lock pick x - an uncursed +0 pick-axe B - an uncursed sack Gems n - an uncursed aquamarine stone r - an uncursed worthless piece of white glass Contents of the sack: 376 gold pieces an uncursed scroll of create monster 2 blessed scrolls of teleportation an uncursed spellbook of detect unseen an uncursed spellbook of dig an uncursed potion of gain ability an uncursed potion of gain level an uncursed potion of object detection 2 uncursed potions of sickness an uncursed potion of water Spells and supernatural/magical abilities: Name Level Category Fail Memory W - pray for help -- divine ? -- Your skills at the end: Fighting Skills Weapon Skills dagger [Basic] short sword [Basic] Spellcasting Skills Final Attributes: You were piously aligned. You were stealthy. You are dead. Vanquished creatures: a guardian naga hatchling a hill orc a hobbit 4 giant rats a red mold a jackal a fox a kobold 2 goblins a sewer rat 4 grid bugs 3 lichens a kobold zombie 22 creatures vanquished. Voluntary challenges: You used a wielded weapon 14 times, starting on turn 569. You read items or engraved 1 time, starting on turn 1274. You never genocided any monsters. You never polymorphed an object. You never changed form. You used no wishes. You never split a pudding. You never wrote Elbereth's name. You never violated your personal moral code. Dungeon overview: The Dungeons of Doom: levels 1 to 6 Level 1 an altar to Kos, some fountains, a sink a long staircase Level 2 a general store, a fountain Level 3 a general store, an altar to Mog, a fountain, a sink Level 4 Level 5 Level 6 <- You were here History has recorded: On T:1 you entered the Dungeons of Doom to retrieve the Amulet of Yendor! On T:226 you reached level 2 of The Dungeons of Doom. On T:634 you advanced to experience level 2. On T:658 you reached level 3 of The Dungeons of Doom. On T:1029 you reached level 4 of The Dungeons of Doom. On T:1075 you reached level 5 of The Dungeons of Doom. On T:1099 you reached level 6 of The Dungeons of Doom. On T:1215 you advanced to experience level 3. Score breakdown: Gold: 376 ( 8763 points) Experience: 3 levels ( 7878 points) Exploration: 6 levels ( 13.33%) (10112 points) Discoveries: 0 items ( 0.00%) ( 0 points) Valuables value: (no points given unless you survive) Artifact value: 0 ( 0 points) Variety of kills: 13 monsters ( 3.41%) ( 5541 points) Turncount: 1274 turns ( 0 points) Survival: died (score multiplied by 80%) Total score: 25835 Latest messages: You hit the hill orc! You kill the hill orc! The hill orc hits! You hit the hill orc. The hill orc hits! The hill orc misses. Archaea bites the hill orc. The hill orc misses Archaea. Archaea misses the hill orc. You hear some noises. The dagger hits the hill orc. The hill orc wields a curved sword! The hill orc hits! You hit the hill orc. The hill orc swings his curved sword. The hill orc misses. The hill orc hits! You write in the dust with your fingers. The hill orc swings his curved sword. The hill orc hits! You die... Final status: Goodbye slyhack the Rogue, killed by a hill orc... You died in The Dungeons of Doom on dungeon level 6 with 25835 points, and 376 pieces of gold, after 1274 moves. You were level 3 with a maximum of 22 hit points when you died.